 Dungeon Crawl Stone Soup version 0.18.1-50-g88ac8fd (webtiles) character file.

159 Monkfish the Cutter (level 5, 0/49 HPs)
             Began as a Kobold Berserker on Oct 23, 2016.
             Was a Priest of Trog.
             Slain by olma's ghost (6 damage)
             ... on level 3 of the Dungeon.
             The game lasted 00:03:53 (2135 turns).

Monkfish the Cutter (Kobold Berserker)              Turns: 2135, Time: 00:03:54

Health: 0/49       AC:  4    Str: 21    XL:     5   Next: 68%
Magic:  5/5        EV: 15    Int:  5    God:    Trog [***...]
Gold:   122        SH:  0    Dex: 16    Spells: 0 memorised, 4 levels left

rFire  . . .     SeeInvis .     a - +1 short sword
rCold  . . .     Gourm    .     b - +0 animal skin
rNeg   . . .     Faith    .     (shield restricted)
rPois  .         Spirit   .     (no helmet)
rElec  .         Dismiss  .     h - +1 cloak
rCorr  .         Reflect  .     (no gloves)
SustAt .         Harm     .     (no boots)
MR     ++...                    (no amulet)
Stlth  ..........               (no ring)
                                (no ring)

@: berserking (expiring), lethally poisoned (0 -> -1), regenerating, very quick,
very resistant to hostile enchantments, extremely unstealthy
A: carnivore 3
a: Berserk, Trog's Hand, Burn Spellbooks, Renounce Religion


You were on level 3 of the Dungeon.
You worshipped Trog.
Trog was most pleased with you.
You were not hungry.

You visited 1 branch of the dungeon, and saw 3 of its levels.

You collected 122 gold pieces.

Inventory:

Hand Weapons
 a - a +1 short sword (weapon)
Armour
 b - a +0 animal skin (worn)
 e - a +1 cloak
 h - a +1 cloak (worn)
Jewellery
 m - an uncursed ring of poison resistance {unknown}
 n - an uncursed ring of ice {unknown}
Scrolls
 f - 3 scrolls of enchant weapon
 i - 7 scrolls of identify
 j - 3 scrolls of recharging
 k - a scroll of noise {unknown}
 l - a scroll of enchant armour
Comestibles
 c - 3 meat rations
 d - a slice of pizza
 g - a beef jerky


   Skills:
 + Level 4.1 Fighting
 + Level 5.4 Short Blades
 - Level 1.5 Armour
 - Level 2.4 Dodging
 * Level 4.8 Stealth


You had 4 spell levels left.
You didn't know any spells.

Dungeon Overview and Level Annotations

Branches:
Dungeon (3/15)

Altars:

Annotations:
D:3 olma's ghost, amateur CeHu


Innate Abilities, Weirdness & Mutations

You are small and have problems with some larger weapons.
You are carnivorous and can eat meat at any time.


Message History

The adder closely misses you.
You hit olma's ghost.
Olma's ghost is almost destroyed.
Olma's ghost hits you!
* * * LOW HITPOINT WARNING * * *
You hit olma's ghost but do no damage.
Olma's ghost is almost destroyed.
The adder bites you but does no damage.
You closely miss olma's ghost.
Olma's ghost is almost destroyed.
The adder bites you.
* * * LOW HITPOINT WARNING * * *
Olma's ghost closely misses you.
You hit olma's ghost but do no damage.
Olma's ghost is almost destroyed.
The adder misses you.
You hit olma's ghost but do no damage.
Olma's ghost is almost destroyed.
Olma's ghost hits you.
You die...

#...######.............
#.<†.............######
#..^######.......#
######.## #.......#
.>.....# ####..###
######## #.)# ##..#
#.W.# #@#.# #S#.#
#b...# ###### #......W.
...... #....##.# ######
$.#.## . #.#.# # #....
....#.


You could see olma's ghost, an adder and a bat.

Vanquished Creatures
  4 gnolls (D:3)
  4 adders
  3 oozes (D:2)
  2 dart slugs
  4 giant geckos
  An orc (D:3)
  12 bats
  3 giant cockroaches
  7 hobgoblins
  7 jackals (D:2)
  A ball python (D:1)
  2 giant newts
  6 goblins
  6 kobolds
  4 rats
66 creatures vanquished.

Notes
Turn   | Place    | Note
--------------------------------------------------------------
     0 | D:1      | Monkfish the Kobold Berserker began the quest for the Orb.
     0 | D:1      | Reached XP level 1. HP: 14/14 MP: 1/1
   169 | D:1      | Reached XP level 2. HP: 17/19 MP: 2/2
   354 | D:1      | Reached skill level 1 in Stealth
   522 | D:1      | Reached ** piety under Trog
   522 | D:1      | Reached XP level 3. HP: 23/23 MP: 3/3
   783 | D:2      | Reached skill level 5 in Short Blades
   896 | D:2      | Reached XP level 4. HP: 21/29 MP: 4/4
  1765 | D:2      | Reached XP level 5. HP: 33/33 MP: 5/5
  1806 | D:3      | Reached *** piety under Trog
  2039 | D:3      | Found a faded altar to an unknown god.
  2109 | D:3      | Noticed olma's ghost (amateur CeHu)
  2135 | D:3      | Slain by olma's ghost

Skill      XL: |  1  2  3  4  5 |
---------------+----------------+-----
Stealth        | 1 2 3 4 |  4.8
Short Blades   | 5 |  5.4
Fighting       | 4 |  4.1
Armour         | |  1.5
Dodging        | |  2.4

Action                   |  1- 3 |  4- 6 || total
-------------------------+-------+-------++-------
Melee: Short sword       |    91 |   133 ||   224
Invok: Berserk           |       |     3 ||     3
       Burn Spellbooks   |       |     1 ||     1
       Trog's Hand       |       |     1 ||     1
  Use: Scroll            |     6 |     1 ||     7
 Stab: Sleeping          |     5 |     4 ||     9
       Distracted        |       |     1 ||     1
  Eat: Chunk             |     7 |     3 ||    10
Armor: Animal skin       |    25 |    34 ||    59
Dodge: Dodged            |    69 |   116 ||   185
